[ PARTIDA AOE2 · #480610237 ]
Team EWRomanos vs Burgundians
[ ANÁLISIS DE REPETICIÓN · EXTRAÍDO DE LA PARTIDA GRABADA ]
Feudal
—
Castillos
12:28
Imperial
—
| APM promedio | 36.6 |
| APM pico | 53 |
| eAPM promedio | 23.6 |
| Aldeanos / militares | 63 / 85 |
Foco
⚔️ 48.8% · 🌾 51.2%
Militia ×74 · Battering Ram ×10 · Centurion ×1
Feudal
—
Castillos
12:02
Imperial
—
| APM promedio | 26.2 |
| APM pico | 53 |
| eAPM promedio | 14.3 |
| Aldeanos / militares | 36 / 38 |
Foco
⚔️ 29.9% · 🌾 70.1%
Knight ×34 · Scout Cavalry ×4
Feudal
—
Castillos
11:05
Imperial
—
| APM promedio | 40.6 |
| APM pico | 64 |
| eAPM promedio | 20.1 |
| Aldeanos / militares | 91 / 66 |
Foco
⚔️ 26.5% · 🌾 73.5%
Archer ×55 · Spearman ×4 · Mangonel ×4 · Scout Cavalry ×3
Feudal
—
Castillos
12:49
Imperial
—
| APM promedio | 17.8 |
| APM pico | 40 |
| eAPM promedio | 12.2 |
| Aldeanos / militares | 22 / 24 |
Foco
⚔️ 25.7% · 🌾 74.3%
Knight ×11 · Militia ×9 · Spearman ×3 · Mangonel ×1
Mapa de la partida
Recursos iniciales + cada clic de construcción. Líneas = muros · curvas = relieve. ◆ oro · ⬟ piedra · ● bayas · ✦ reliquia · ◌ hueco del cierre
Tu base· ✓ Cerrada en 12:28 · 64t muro · 1 puerta(s)
Base de puchito en mano· ✓ Cerrada en 12:02 · 51t muro · 1 puerta(s)
Base de N0rN· Abierta — hueco de 6t
Base de R 3 C 0 1 L6165· Abierta — hueco de 2t
Terreno inicial suavizado · ◌ = hueco del cierre detectado · pasá el cursor para detalles
Inputs por minuto
— Fringnut - - puchito en mano
Build order — Fringnut
Primeras 150 de 248 acciones detectadas
| 0:00 | Crear | Villager (Male) |
| 0:02 | Crear | Militia |
| 0:15 | Crear | Villager (Male) |
| 0:17 | Crear | Militia |
| 0:21 | Construir | House |
| 0:27 | Construir | Farm |
| 0:30 | Construir | Farm |
| 0:34 | Crear | Villager (Male) |
| 0:44 | Crear | Militia |
| 0:52 | Construir | House |
| 0:59 | Construir | Palisade Wall |
| 1:02 | Crear | Militia |
| 1:07 | Construir | Farm |
| 1:11 | Construir | Farm |
| 1:13 | Crear | Villager (Male) |
| 1:27 | Investigar | Man-at-Arms (upgrade) |
| 1:45 | Investigar | Scale Mail Armor |
| 2:03 | Construir | Farm |
| 2:05 | Crear | Villager (Male) |
| 2:12 | Crear | Militia |
| 2:33 | Crear | Villager (Male) |
| 2:35 | Crear | Militia |
| 2:43 | Crear | Militia |
| 2:51 | Crear | Villager (Male) |
| 2:54 | Construir | Farm |
| 2:57 | Construir | Farm |
| 3:04 | Crear | Militia |
| 3:13 | Crear | Villager (Male) |
| 3:15 | Construir | Farm |
| 3:19 | Crear | Militia |
| 3:25 | Construir | House |
| 3:26 | Construir | Palisade Wall |
| 3:28 | Construir | Palisade Wall |
| 3:29 | Construir | House |
| 3:32 | Construir | Palisade Wall |
| 3:34 | Construir | Palisade Wall |
| 3:41 | Crear | Militia |
| 3:41 | Crear | Militia |
| 3:46 | Crear | Villager (Male) |
| 3:58 | Construir | Farm |
| 4:17 | Construir | Farm |
| 4:17 | Construir | Farm |
| 4:18 | Construir | Farm |
| 4:18 | Construir | Farm |
| 4:19 | Investigar | Double-Bit Axe |
| 4:19 | Investigar | Horse Collar |
| 4:21 | Crear | Villager (Male) |
| 4:23 | Construir | Farm |
| 4:33 | Crear | Militia |
| 4:33 | Crear | Militia |
| 4:39 | Construir | Farm |
| 4:51 | Crear | Villager (Male) |
| 4:57 | Construir | Farm |
| 5:00 | Crear | Militia |
| 5:08 | Crear | Villager (Male) |
| 5:23 | Construir | Palisade Gate |
| 5:24 | Construir | Palisade Wall |
| 5:27 | Construir | House |
| 5:28 | Construir | Palisade Wall |
| 5:29 | Construir | Palisade Wall |
| 5:40 | Crear | Militia |
| 5:40 | Crear | Militia |
| 5:40 | Crear | Militia |
| 5:46 | Construir | Farm |
| 5:50 | Investigar | Forging |
| 6:10 | Construir | Farm |
| 6:11 | Crear | Villager (Male) |
| 6:12 | Crear | Militia |
| 6:24 | Crear | Villager (Male) |
| 6:29 | Construir | House |
| 6:32 | Construir | Palisade Wall |
| 6:33 | Construir | Palisade Wall |
| 6:44 | Crear | Villager (Male) |
| 6:44 | Crear | Militia |
| 6:45 | Crear | Militia |
| 7:01 | Crear | Villager (Male) |
| 7:03 | Construir | Farm |
| 7:07 | Construir | Farm |
| 7:09 | Construir | Farm |
| 7:11 | Investigar | Wheelbarrow |
| 7:12 | Crear | Villager (Male) |
| 7:15 | Construir | House |
| 7:17 | Construir | Palisade Wall |
| 7:19 | Construir | Palisade Wall |
| 7:22 | Crear | Villager (Male) |
| 7:59 | Construir | Farm |
| 8:02 | Crear | Militia |
| 8:03 | Crear | Militia |
| 8:05 | Crear | Villager (Male) |
| 8:07 | Investigar | Gold Mining |
| 8:23 | Crear | Militia |
| 8:24 | Crear | Militia |
| 8:37 | Crear | Villager (Male) |
| 8:42 | Crear | Villager (Male) |
| 8:51 | Construir | Market |
| 9:07 | Crear | Villager (Male) |
| 9:48 | Investigar | Castle Age |
| 10:25 | Crear | Militia |
| 10:25 | Crear | Militia |
| 10:46 | Crear | Militia |
| 10:46 | Crear | Militia |
| 10:52 | Crear | Militia |
| 10:53 | Crear | Militia |
| 11:01 | Crear | Militia |
| 11:03 | Construir | Barracks |
| 11:21 | Construir | House |
| 11:23 | Construir | House |
| 11:49 | Crear | Villager (Male) |
| 12:19 | Construir | Palisade Wall |
| 12:24 | Construir | House |
| 12:28 | Edad | Edad de los Castillos |
| 12:31 | Construir | Palisade Wall |
| 12:35 | Investigar | Chain Mail Armor |
| 12:36 | Investigar | Long Swordsman (upgrade) |
| 12:37 | Investigar | Squires |
| 12:38 | Crear | Militia |
| 12:38 | Crear | Militia |
| 12:51 | Crear | Villager (Male) |
| 12:52 | Crear | Villager (Male) |
| 12:52 | Crear | Villager (Male) |
| 13:00 | Crear | Militia |
| 13:00 | Crear | Militia |
| 13:01 | Crear | Militia |
| 13:09 | Construir | Town Center |
| 13:12 | Investigar | Bow Saw |
| 13:17 | Investigar | Heavy Plow |
| 13:31 | Crear | Villager (Male) |
| 13:31 | Crear | Villager (Male) |
| 13:47 | Construir | Palisade Gate |
| 13:55 | Crear | Villager (Male) |
| 13:57 | Construir | Siege Workshop |
| 13:58 | Crear | Villager (Male) |
| 13:58 | Crear | Villager (Male) |
| 13:59 | Crear | Villager (Male) |
| 14:11 | Crear | Villager (Male) |
| 14:19 | Crear | Villager (Male) |
| 14:26 | Construir | Town Center |
| 14:36 | Crear | Villager (Male) |
| 14:36 | Crear | Villager (Male) |
| 15:02 | Crear | Militia |
| 15:03 | Crear | Militia |
| 15:03 | Crear | Militia |
| 15:03 | Crear | Militia |
| 15:07 | Investigar | Iron Casting |
| 15:14 | Crear | Villager (Male) |
| 15:15 | Crear | Villager (Male) |
| 15:15 | Crear | Villager (Male) |
| 15:37 | Crear | Battering Ram |
| 15:40 | Construir | House |
| 15:41 | Construir | House |
Build order — puchito en mano
Primeras 150 de 158 acciones detectadas
| 0:01 | Crear | Villager (Male) |
| 0:01 | Crear | Villager (Male) |
| 0:02 | Crear | Villager (Male) |
| 0:02 | Crear | Villager (Male) |
| 0:55 | Construir | Stable |
| 1:15 | Construir | Palisade Wall |
| 1:19 | Construir | Palisade Wall |
| 1:24 | Construir | Palisade Wall |
| 1:37 | Crear | Villager (Male) |
| 1:37 | Crear | Villager (Male) |
| 1:47 | Construir | House |
| 1:53 | Construir | House |
| 1:55 | Construir | House |
| 2:10 | Construir | Watch Tower |
| 2:15 | Construir | House |
| 2:28 | Construir | Palisade Wall |
| 3:11 | Construir | Palisade Wall |
| 3:43 | Construir | Palisade Gate |
| 3:51 | Construir | Farm |
| 3:53 | Construir | Farm |
| 3:55 | Construir | Farm |
| 3:56 | Construir | Farm |
| 3:58 | Construir | Farm |
| 3:59 | Construir | Farm |
| 4:02 | Construir | Farm |
| 4:03 | Construir | Farm |
| 4:04 | Construir | Farm |
| 4:07 | Construir | Farm |
| 4:16 | Crear | Villager (Male) |
| 4:16 | Crear | Villager (Male) |
| 4:17 | Crear | Villager (Male) |
| 4:20 | Crear | Villager (Male) |
| 4:21 | Crear | Villager (Male) |
| 4:28 | Construir | House |
| 4:30 | Construir | House |
| 4:39 | Construir | Palisade Wall |
| 4:40 | Construir | Palisade Wall |
| 4:49 | Construir | House |
| 4:50 | Construir | House |
| 4:52 | Construir | House |
| 5:01 | Construir | Palisade Wall |
| 5:11 | Construir | Farm |
| 5:35 | Crear | Scout Cavalry |
| 5:36 | Crear | Scout Cavalry |
| 5:36 | Crear | Scout Cavalry |
| 5:36 | Crear | Scout Cavalry |
| 6:31 | Construir | House |
| 6:33 | Construir | House |
| 6:42 | Construir | House |
| 7:12 | Construir | Market |
| 7:39 | Investigar | Scale Barding Armor |
| 7:40 | Investigar | Forging |
| 8:06 | Construir | Farm |
| 8:07 | Construir | Farm |
| 8:11 | Construir | Farm |
| 8:13 | Construir | Farm |
| 8:20 | Construir | Mill |
| 9:02 | Construir | House |
| 9:23 | Investigar | Castle Age |
| 9:23 | Investigar | Castle Age |
| 10:07 | Construir | Stable |
| 10:12 | Construir | Stable |
| 10:15 | Construir | Stable |
| 10:31 | Construir | Farm |
| 10:31 | Construir | Farm |
| 11:10 | Crear | Villager (Male) |
| 11:11 | Crear | Villager (Male) |
| 11:11 | Crear | Villager (Male) |
| 11:11 | Crear | Villager (Male) |
| 11:47 | Construir | Lumber Camp |
| 12:02 | Edad | Edad de los Castillos |
| 12:08 | Construir | Town Center |
| 12:18 | Investigar | Cavalier (upgrade) |
| 12:19 | Investigar | Husbandry |
| 12:42 | Investigar | Chain Barding Armor |
| 13:01 | Investigar | Horse Collar |
| 13:17 | Crear | Knight |
| 13:17 | Crear | Knight |
| 13:17 | Crear | Knight |
| 13:17 | Crear | Knight |
| 13:18 | Crear | Knight |
| 13:18 | Crear | Knight |
| 14:05 | Crear | Knight |
| 14:05 | Crear | Knight |
| 14:26 | Crear | Knight |
| 14:46 | Construir | Farm |
| 14:47 | Construir | Farm |
| 15:16 | Crear | Knight |
| 15:34 | Crear | Knight |
| 15:34 | Crear | Knight |
| 15:47 | Crear | Villager (Male) |
| 15:48 | Crear | Villager (Male) |
| 15:48 | Crear | Villager (Male) |
| 15:48 | Crear | Villager (Male) |
| 15:48 | Crear | Villager (Male) |
| 15:49 | Crear | Villager (Male) |
| 15:55 | Construir | Farm |
| 15:56 | Construir | Farm |
| 15:57 | Construir | Farm |
| 15:57 | Construir | Farm |
| 15:58 | Construir | Farm |
| 16:02 | Construir | Farm |
| 16:12 | Construir | Farm |
| 16:14 | Construir | Farm |
| 16:18 | Construir | Farm |
| 16:20 | Construir | Farm |
| 16:31 | Crear | Knight |
| 16:32 | Crear | Knight |
| 16:32 | Crear | Knight |
| 17:29 | Investigar | Iron Casting |
| 17:42 | Crear | Villager (Male) |
| 17:44 | Crear | Villager (Male) |
| 18:26 | Construir | Mining Camp |
| 18:30 | Crear | Villager (Male) |
| 18:31 | Crear | Villager (Male) |
| 18:31 | Crear | Villager (Male) |
| 18:32 | Crear | Villager (Male) |
| 18:32 | Crear | Villager (Male) |
| 18:42 | Construir | Farm |
| 18:43 | Construir | Farm |
| 18:50 | Construir | Farm |
| 18:52 | Construir | Farm |
| 18:53 | Construir | Farm |
| 18:54 | Construir | Farm |
| 18:57 | Construir | Farm |
| 19:06 | Crear | Knight |
| 19:06 | Crear | Knight |
| 19:06 | Crear | Knight |
| 19:07 | Crear | Knight |
| 19:07 | Crear | Knight |
| 19:35 | Construir | Mill |
| 19:46 | Construir | Farm |
| 19:47 | Construir | Farm |
| 19:49 | Construir | Farm |
| 19:51 | Construir | Farm |
| 19:53 | Construir | Farm |
| 20:04 | Crear | Villager (Male) |
| 20:04 | Crear | Villager (Male) |
| 20:04 | Crear | Villager (Male) |
| 20:05 | Crear | Villager (Male) |
| 20:05 | Crear | Villager (Male) |
| 20:09 | Crear | Knight |
| 20:10 | Crear | Knight |
| 20:10 | Crear | Knight |
| 20:32 | Crear | Knight |
| 20:32 | Crear | Knight |
| 20:32 | Crear | Knight |
| 20:33 | Crear | Knight |
| 20:33 | Crear | Knight |
| 20:43 | Crear | Villager (Male) |
Build order — N0rN
Primeras 150 de 259 acciones detectadas
| 0:01 | Crear | Villager (Male) |
| 0:01 | Crear | Villager (Male) |
| 0:01 | Crear | Villager (Male) |
| 0:28 | Construir | Archery Range |
| 0:37 | Construir | House |
| 0:39 | Crear | Villager (Male) |
| 0:45 | Investigar | Horse Collar |
| 0:56 | Investigar | Double-Bit Axe |
| 0:59 | Crear | Villager (Male) |
| 1:18 | Crear | Villager (Male) |
| 1:24 | Construir | House |
| 1:26 | Construir | Palisade Gate |
| 1:29 | Construir | House |
| 1:30 | Construir | House |
| 1:31 | Construir | House |
| 1:33 | Crear | Archer |
| 1:33 | Crear | Archer |
| 1:36 | Crear | Archer |
| 1:48 | Crear | Villager (Male) |
| 2:16 | Investigar | Gold Mining |
| 2:17 | Crear | Villager (Male) |
| 2:20 | Crear | Archer |
| 2:30 | Investigar | Fletching |
| 2:39 | Crear | Spearman |
| 3:00 | Construir | Archery Range |
| 3:09 | Crear | Archer |
| 3:10 | Crear | Villager (Male) |
| 3:32 | Crear | Archer |
| 3:39 | Crear | Villager (Male) |
| 3:48 | Crear | Villager (Male) |
| 4:04 | Construir | Palisade Wall |
| 4:08 | Construir | Palisade Wall |
| 4:10 | Construir | Palisade Wall |
| 4:13 | Crear | Villager (Male) |
| 4:23 | Construir | Farm |
| 4:24 | Construir | Farm |
| 4:24 | Construir | Farm |
| 4:24 | Construir | Farm |
| 4:24 | Construir | Farm |
| 4:25 | Construir | Farm |
| 4:26 | Construir | Farm |
| 4:28 | Crear | Villager (Male) |
| 4:30 | Crear | Archer |
| 4:31 | Crear | Archer |
| 4:31 | Crear | Archer |
| 4:50 | Crear | Villager (Male) |
| 5:02 | Construir | Farm |
| 5:03 | Construir | Farm |
| 5:04 | Construir | Farm |
| 5:05 | Construir | Farm |
| 5:20 | Crear | Villager (Male) |
| 5:26 | Crear | Archer |
| 5:26 | Crear | Archer |
| 5:26 | Crear | Archer |
| 6:14 | Crear | Villager (Male) |
| 6:14 | Crear | Villager (Male) |
| 6:19 | Crear | Archer |
| 6:19 | Crear | Archer |
| 6:19 | Crear | Archer |
| 6:20 | Crear | Archer |
| 6:21 | Crear | Archer |
| 6:22 | Crear | Villager (Male) |
| 6:40 | Crear | Villager (Male) |
| 7:04 | Crear | Villager (Male) |
| 7:12 | Construir | House |
| 7:14 | Construir | House |
| 7:16 | Construir | House |
| 7:23 | Construir | Farm |
| 7:24 | Construir | Farm |
| 7:24 | Construir | Farm |
| 7:24 | Construir | Farm |
| 7:25 | Construir | Farm |
| 7:25 | Construir | Farm |
| 7:37 | Crear | Villager (Male) |
| 7:52 | Crear | Villager (Male) |
| 8:05 | Construir | Palisade Wall |
| 8:16 | Investigar | Castle Age |
| 8:27 | Crear | Villager (Male) |
| 8:33 | Investigar | Stone Mining |
| 8:38 | Crear | Archer |
| 8:38 | Crear | Archer |
| 8:39 | Crear | Archer |
| 9:04 | Crear | Villager (Male) |
| 9:05 | Crear | Villager (Male) |
| 9:32 | Crear | Villager (Male) |
| 10:05 | Crear | Archer |
| 10:05 | Crear | Archer |
| 10:05 | Crear | Archer |
| 10:06 | Crear | Archer |
| 10:45 | Crear | Villager (Male) |
| 10:56 | Construir | Palisade Wall |
| 11:05 | Edad | Edad de los Castillos |
| 11:11 | Construir | Town Center |
| 11:19 | Construir | Town Center |
| 11:30 | Crear | Villager (Male) |
| 11:36 | Investigar | Wheelbarrow |
| 11:41 | Investigar | Thumb Ring |
| 11:42 | Investigar | Crossbowman (upgrade) |
| 11:46 | Investigar | Bodkin Arrow |
| 11:48 | Investigar | Padded Archer Armor |
| 11:50 | Crear | Archer |
| 11:50 | Crear | Archer |
| 12:23 | Construir | Palisade Wall |
| 12:32 | Construir | Siege Workshop |
| 12:46 | Construir | Palisade Wall |
| 12:56 | Construir | House |
| 12:59 | Construir | House |
| 13:05 | Crear | Villager (Male) |
| 13:05 | Crear | Villager (Male) |
| 13:05 | Crear | Villager (Male) |
| 13:06 | Crear | Villager (Male) |
| 13:06 | Crear | Villager (Male) |
| 13:06 | Crear | Villager (Male) |
| 13:06 | Crear | Villager (Male) |
| 13:06 | Crear | Villager (Male) |
| 13:07 | Crear | Villager (Male) |
| 13:07 | Crear | Villager (Male) |
| 13:07 | Crear | Villager (Male) |
| 13:08 | Crear | Villager (Male) |
| 13:08 | Crear | Villager (Male) |
| 13:21 | Crear | Villager (Male) |
| 13:22 | Crear | Villager (Male) |
| 13:36 | Crear | Villager (Male) |
| 13:36 | Crear | Villager (Male) |
| 13:38 | Crear | Villager (Male) |
| 13:54 | Construir | Farm |
| 13:54 | Construir | Farm |
| 13:55 | Construir | Farm |
| 13:55 | Construir | Farm |
| 13:55 | Construir | Farm |
| 13:55 | Construir | Farm |
| 13:55 | Construir | Farm |
| 13:56 | Construir | Farm |
| 13:56 | Construir | Farm |
| 13:56 | Construir | Farm |
| 13:56 | Construir | Farm |
| 13:59 | Construir | Farm |
| 14:06 | Crear | Villager (Male) |
| 14:06 | Crear | Villager (Male) |
| 14:16 | Construir | Farm |
| 14:16 | Construir | Farm |
| 14:16 | Construir | Farm |
| 14:16 | Construir | Farm |
| 14:51 | Investigar | Hand Cart |
| 14:51 | Investigar | Town Watch |
| 14:52 | Crear | Villager (Male) |
| 14:53 | Crear | Villager (Male) |
| 14:57 | Crear | Mangonel |
| 14:58 | Crear | Mangonel |
| 15:05 | Crear | Villager (Male) |
Build order — R 3 C 0 1 L6165
108 acciones detectadas en el replay
| 0:03 | Crear | Villager (Male) |
| 0:03 | Crear | Villager (Male) |
| 0:04 | Crear | Villager (Male) |
| 0:04 | Crear | Villager (Male) |
| 0:08 | Construir | House |
| 0:10 | Construir | House |
| 0:15 | Construir | House |
| 0:18 | Construir | House |
| 0:19 | Crear | Spearman |
| 0:40 | Investigar | Double-Bit Axe |
| 0:54 | Construir | Farm |
| 1:04 | Crear | Villager (Male) |
| 1:24 | Construir | Farm |
| 1:28 | Construir | Farm |
| 1:30 | Construir | Farm |
| 1:34 | Construir | Farm |
| 1:38 | Construir | Farm |
| 1:41 | Investigar | Horse Collar |
| 1:44 | Crear | Spearman |
| 1:58 | Construir | House |
| 2:00 | Crear | Spearman |
| 2:05 | Construir | House |
| 2:15 | Crear | Militia |
| 2:25 | Crear | Villager (Male) |
| 2:32 | Construir | Watch Tower |
| 2:47 | Construir | House |
| 2:52 | Crear | Villager (Male) |
| 2:52 | Crear | Villager (Male) |
| 2:56 | Construir | House |
| 2:58 | Construir | House |
| 3:02 | Crear | Villager (Male) |
| 3:11 | Construir | House |
| 3:26 | Crear | Villager (Male) |
| 3:34 | Construir | Farm |
| 3:37 | Construir | Farm |
| 3:38 | Construir | Farm |
| 3:54 | Construir | House |
| 4:29 | Crear | Villager (Male) |
| 4:33 | Construir | House |
| 4:48 | Investigar | Man-at-Arms (upgrade) |
| 4:48 | Crear | Militia |
| 4:48 | Crear | Militia |
| 4:52 | Crear | Villager (Male) |
| 4:53 | Crear | Villager (Male) |
| 4:58 | Construir | Farm |
| 4:59 | Construir | Farm |
| 5:01 | Construir | Farm |
| 5:02 | Construir | Farm |
| 5:11 | Construir | Market |
| 5:15 | Crear | Militia |
| 5:38 | Crear | Militia |
| 5:54 | Crear | Villager (Male) |
| 5:54 | Crear | Villager (Male) |
| 5:59 | Investigar | Scale Mail Armor |
| 6:20 | Crear | Militia |
| 6:21 | Crear | Villager (Male) |
| 6:36 | Construir | Watch Tower |
| 6:43 | Crear | Villager (Male) |
| 6:43 | Crear | Villager (Male) |
| 6:56 | Crear | Militia |
| 6:59 | Crear | Villager (Male) |
| 7:11 | Crear | Militia |
| 7:47 | Crear | Villager (Male) |
| 7:59 | Crear | Militia |
| 8:03 | Crear | Villager (Male) |
| 8:09 | Construir | Mining Camp |
| 8:15 | Construir | Farm |
| 8:26 | Construir | Lumber Camp |
| 8:39 | Construir | Farm |
| 8:49 | Construir | Farm |
| 8:49 | Construir | Farm |
| 8:49 | Construir | Farm |
| 8:50 | Construir | Farm |
| 8:50 | Construir | Farm |
| 8:50 | Construir | Farm |
| 8:50 | Construir | Farm |
| 8:53 | Construir | Farm |
| 9:31 | Construir | House |
| 9:32 | Construir | House |
| 9:34 | Construir | House |
| 9:54 | Crear | Villager (Male) |
| 10:23 | Investigar | Castle Age |
| 10:24 | Investigar | Castle Age |
| 10:40 | Construir | Stable |
| 10:46 | Construir | Stable |
| 10:52 | Investigar | Gold Mining |
| 10:57 | Construir | Stable |
| 11:20 | Investigar | Scale Barding Armor |
| 11:51 | Investigar | Bloodlines |
| 12:02 | Construir | Farm |
| 12:03 | Construir | Farm |
| 12:03 | Construir | Farm |
| 12:03 | Construir | Farm |
| 12:03 | Construir | Farm |
| 12:04 | Construir | Farm |
| 12:04 | Construir | Farm |
| 12:05 | Construir | Farm |
| 12:05 | Construir | Farm |
| 12:49 | Edad | Edad de los Castillos |
| 12:55 | Crear | Knight ×5 |
| 13:00 | Construir | Farm |
| 13:32 | Crear | Knight ×3 |
| 13:46 | Construir | Watch Tower |
| 13:53 | Construir | Siege Workshop |
| 13:58 | Crear | Knight |
| 14:55 | Crear | Mangonel |
| 15:20 | Crear | Knight ×2 |
| 16:02 | Construir | Farm |
Cronología de la partida
| 0:28 | N0rN · first_building Archery Range |
| 0:55 | puchito en mano · first_building Stable |
| 0:59 | Fringnut · wall_segment Palisade Wall x1 |
| 1:15 | puchito en mano · wall_segment Palisade Wall x7 |
| 1:19 | puchito en mano · wall_segment Palisade Wall x8 |
| 1:24 | puchito en mano · wall_segment Palisade Wall x8 |
| 2:28 | puchito en mano · wall_segment Palisade Wall x6 |
| 3:11 | puchito en mano · wall_segment Palisade Wall x5 |
| 3:26 | Fringnut · wall_segment Palisade Wall x4 |
| 3:28 | Fringnut · wall_segment Palisade Wall x3 |
| 3:32 | Fringnut · wall_segment Palisade Wall x7 |
| 3:34 | Fringnut · wall_segment Palisade Wall x6 |
| 4:04 | N0rN · wall_segment Palisade Wall x14 |
| 4:08 | N0rN · wall_segment Palisade Wall x7 |
| 4:10 | N0rN · wall_segment Palisade Wall x4 |
| 4:39 | puchito en mano · wall_segment Palisade Wall x9 |
| 4:40 | puchito en mano · wall_segment Palisade Wall x7 |
| 5:01 | puchito en mano · wall_segment Palisade Wall x5 |
| 5:24 | Fringnut · wall_segment Palisade Wall x3 |
| 5:28 | Fringnut · wall_segment Palisade Wall x5 |
| 5:29 | Fringnut · wall_segment Palisade Wall x6 |
| 6:26 | R 3 C 0 1 L6165 · first_market_sell 100 wood |
| 6:27 | R 3 C 0 1 L6165 · first_market_buy 100 stone |
| 6:32 | Fringnut · wall_segment Palisade Wall x10 |
| 6:33 | Fringnut · wall_segment Palisade Wall x10 |
| 7:17 | Fringnut · wall_segment Palisade Wall x6 |
| 7:19 | Fringnut · wall_segment Palisade Wall x4 |
| 8:05 | N0rN · wall_segment Palisade Wall x8 |
| 10:40 | R 3 C 0 1 L6165 · first_building Stable |
| 10:56 | N0rN · wall_segment Palisade Wall x12 |
| 11:03 | Fringnut · first_building Barracks |
| 11:05 | N0rN · age_up castle |
| 12:02 | puchito en mano · age_up castle |
| 12:19 | Fringnut · wall_segment Palisade Wall x1 |
| 12:23 | N0rN · wall_segment Palisade Wall x1 |
| 12:28 | Fringnut · age_up castle |
| 12:31 | Fringnut · wall_segment Palisade Wall x1 |
| 12:32 | N0rN · first_building Siege Workshop |
| 12:46 | N0rN · wall_segment Palisade Wall x10 |
| 12:49 | R 3 C 0 1 L6165 · age_up castle |
| 12:53 | puchito en mano · first_market_buy 100 food |
| 13:16 | Fringnut · first_market_buy 100 wood |
| 13:53 | R 3 C 0 1 L6165 · first_building Siege Workshop |
| 13:57 | Fringnut · first_building Siege Workshop |
| 17:40 | R 3 C 0 1 L6165 · resign |
| 20:05 | N0rN · first_building Castle |
| 21:45 | N0rN · first_building Stable |
| 22:30 | Fringnut · first_building Castle |
[ ANÁLISIS IA · 1 CRÉDITO ]
¿Qué pasó realmente en esta partida?
Wolo.gg analiza cada decisión: build order, eco, micro, errores típicos por bracket. Análisis personalizado por WhatsApp o Discord en 30 segundos.
Guía civ
Romanos
Guía mapa
Acclivity
Perfil
Fringnut